 Dungeon Sprint DCSS version 0.29-a0-838-g385bb11a5b (webtiles) character file.

Game seed: 3155087747344756195

4 purpskrrrp the Grave Robber (level 1, -1/10 HPs)
             Began as a Deep Elf Necromancer on July 13, 2022.
             Slain by an iguana (11 damage)
             ... in the Dungeon (Sprint IX: "|||||||||||||||||||||||||||||").
             The game lasted 00:01:13 (40 turns).

purpskrrrp the Grave Robber (Deep Elf Necromancer)    Turns: 40, Time: 00:01:13

Health: -1/10      AC:  2    Str:  5    XL:     1   Next: 58%
Magic:  6/6        EV: 12    Int: 19    God:
Gold:   0          SH:  0    Dex: 15    Spells: 5/6 levels left

rFire   . . .      SeeInvis .   h - +0 dagger
rCold   . . .      Faith    .   (no shield)
rNeg    . . .      Spirit   .   a - +0 robe
rPois   .          Reflect  .   (no helmet)
rElec   .          Harm     .   (no cloak)
rCorr   .          Rampage  .   (no gloves)
Will    .....      NoTele   +   (no boots)
Stlth   ++........              (no amulet)
HPRegen 0.03/turn               (no ring)
MPRegen 0.10/turn               (no ring)

@: no status effects
A: no striking features
a: no special abilities


You were in the Dungeon.
You visited 1 branch

Inventory:

Hand Weapons
 h - a +0 dagger (weapon)
Armour
 a - a +0 robe (worn)
Scrolls
 g - a scroll of blinking
Potions
 b - 3 potions of magic
 c - a potion of curing
 d - a potion of heal wounds
 e - a potion of haste
 f - a potion of berserk rage


   Skills:
 + Level 2.6 Dodging
 + Level 2.5 Stealth
 + Level 3.3 Spellcasting
 * Level 6.0 Necromancy


You had 5 spell levels left.
You knew the following spells:

 Your Spells              Type           Power      Damage    Failure   Level
a - Necrotise             Necr           100%       1d9       1%          1

Your spell library contained the following spells:

 Spells                   Type           Power      Damage    Failure   Level
 Vampiric Draining        Necr           26%        2d7       3%          3
 Animate Dead             Necr           26%        N/A       12%         4
 Agony                    Necr           26%        N/A       34%         5


Dungeon Overview and Level Annotations

Branches:
Dungeon (1/1)

Altars:


Message History

You kill the frilled lizard!
The dead are walking!
Your frilled lizard skeleton bites the hobgoblin but does no damage.
The hobgoblin hits your frilled lizard skeleton.
Your frilled lizard skeleton closely misses the hobgoblin.
The hobgoblin hits your frilled lizard skeleton.
Your frilled lizard skeleton bites the hobgoblin.
The hobgoblin completely misses your frilled lizard skeleton.
The hobgoblin hits your frilled lizard skeleton.
Your frilled lizard skeleton is destroyed!
Aiming: Necrotise (safe; 1% risk of failure)
Press: ? - help, Q - select action Shift-Dir - straight line, f - hobgoblin
Aim: a hobgoblin (moderately wounded, chance to affect: 92%)
The hobgoblin writhes in agony!
You kill the hobgoblin!
The dead are walking!
The kobold throws a stone.
The stone hits your hobgoblin skeleton.
Your hobgoblin skeleton hits the kobold.
The kobold hits your hobgoblin skeleton with a +0 club.
Your hobgoblin skeleton hits the kobold.
The kobold dies!
Your Necromancy skill increases to level 6!
You swap places.
There is an open door to the Dungeon, spattered with blood here.
Things that are here:
a +0 club; 4 stones You see here a +0 dagger.
h - a +0 dagger
h - a +0 dagger (weapon)
You start resting.
Magic restored.
Unknown command.
You open the door.
An iguana, a phantom, 2 orcs and a scorpion come into view.
The orc shouts! x2; The iguana hisses angrily.
The iguana completely misses you.
There is an open door here.
You barely miss the iguana. The iguana bites you!
Ouch! That really hurt!
You die... ▓▓▓▓▓▓▓▓▓▓▓▓▓▓▓▓▓▓ ▓<...)....Z@lWoos+ ▓▓▓▓▓▓▓▓▓▓▓▓▓▓▓▓▓▓

You could see a phantom, a scorpion, an iguana (ally target), 2 orcs and a friendly hobgoblin skeleton.

Vanquished Creatures
  A hobgoblin (D)
  2 frilled lizards (D)
3 creatures vanquished.

Vanquished Creatures (collateral kills)
  A goblin (D)
  A kobold (D)
2 creatures vanquished.

Grand Total: 5 creatures vanquished

Notes
Turn   | Place    | Note
-------+----------+-------------------------------------------
     0 | D        | purpskrrrp the Deep Elf Necromancer began the quest for the
                  | Orb.
     0 | D        | Reached XP level 1. HP: 10/10 MP: 6/6
     5 | D        | Reached skill level 5 in Necromancy
    24 | D        | Reached skill level 6 in Necromancy
    38 | D        | Noticed an iguana
    38 | D        | Noticed a phantom
    38 | D        | Noticed a scorpion
    40 | D        | Slain by an iguana

Illustrated notes

Levels and vault maps discovered:
D:        linesprint [early_d, line_temple, items_1, d_10, items_2, lair_1,
          lair_end, items_3, orc_1, orc_end, items_4, d_15, swamp_1, shoals_1,
          snake_1, spider_1, d_20, vaults_1, items_5, swamp_end, shoals_end,
          snake_end, spider_end, vaults_end, d_27, items_6, zot_1, zot_end,
          crypt_end, forest_end, elf_end, slime_end, tomb_end, abyss_end,
          pan_hell_end]

Skill      XL: |  1 |
---------------+----+-----
Necromancy     | 6 |  6.0
Dodging        | |  2.6
Stealth        | |  2.5
Spellcasting   | |  3.3

Action                   || total
-------------------------++-------
Melee: Dagger            ||     1
 Cast: Necrotise         ||     3
Dodge: Dodged            ||     1

Table legend: (Time is in decaauts)
 A = Elapsed time spent in this place.
 B = Non-inter-level travel time spent in this place.
 C = Inter-level travel time spent in this place.
 D = Time resting spent in this place.
 E = Time spent auto-exploring this place.
 F = Levels seen in this place.
 G = Mean time per level.
                   A        B        C        D        E       F      G
               +--------+--------+--------+--------+--------+-----+--------+
         Total |     39 |     39 |      0 |      3 |      3 |   1 |   39.0 |
       Dungeon |     39 |     39 |      0 |      3 |      3 |   1 |   39.0 |
               +--------+--------+--------+--------+--------+-----+--------+

Top non-repeatable levels by time:
       D: 39 daAuts
